 Dungeon Crawl Stone Soup version 0.30.1-3-gfc49f6343a (webtiles) character file.

Game seed: 728047257395666908

44 Destapler the Ducker (level 3, 0/40 HPs)
             Began as a Demonspawn Gladiator on July 18, 2023.
             Slain by a hobgoblin (1 damage)
             ... led by Robin
             ... on level 3 of the Dungeon.
             The game lasted 00:04:26 (1688 turns).

Destapler the Ducker (Demonspawn Gladiator)         Turns: 1688, Time: 00:04:27

Health: 0/40       AC: 21    Str: 16      XL:     3   Next: 41%
Magic:  0/3        EV:  2    Int:  6 (9)  God:
Gold:   132        SH:  7    Dex: 12 (14) Spells: 2/2 levels left

rFire   . . .        n - +0 spear
rCold   . . .        l - +0 kite shield
rNeg    . . .        b - melded +0 leather armour
rPois   +            c - melded +0 helmet
rElec   .            (cloak currently unavailable)
rCorr   .            (gloves currently unavailable)
SInv    .            (boots currently unavailable)
Will    +....        r - amulet of guardian spirit
Stlth   ++           f - ring of willpower
HPRegen 0.26/turn    (no ring)
MPRegen 0.08/turn

%: guardian spirit
@: tree-form (expiring)
A: stationary, stasis, torment immunity, boosted hp, (icy blue scales 1), foul
stench 1
a: no special abilities


You were on level 3 of the Dungeon.
You were a tree.
You visited 1 branch of the dungeon, and saw 3 of its levels.

You collected 132 gold pieces.

Inventory:

Hand Weapons
 a - a +0 quarterstaff
 n - a +0 spear (weapon)
Missiles
 d - 3 throwing nets (quivered)
 e - a javelin
Armour
 b - a +0 leather armour (melded)
 c - a +0 helmet (melded)
 l - a +0 kite shield (worn)
Jewellery
 f - a ring of willpower (left branch)
 g - an amulet of faith
 r - an amulet of guardian spirit (around neck)
Scrolls
 h - a scroll of teleportation {unknown}
 i - 2 scrolls of immolation {unknown}
 j - 3 scrolls of identify {unknown}
 k - a scroll of noise {unknown}
 m - a scroll of enchant armour {unknown}
 q - a scroll of fear {unknown}
 t - 2 scrolls of silence {unknown}
 u - a scroll of blinking {unknown}
Potions
 o - a potion of flight
 s - a potion of brilliance


   Skills:
 + Level 2.2 Fighting
 - Level 2.6 Staves
 + Level 2.0 Throwing
 + Level 0.6 Armour
 - Level 3.0 Dodging
 + Level 1.0 Stealth
 + Level 1.0 Shields
 + Level 1.3 Invocations


You had 2 spell levels left.
You didn't know any spells.
Your spell library was empty.

Dungeon Overview and Level Annotations

Branches:
Dungeon (3/15)

Altars:

Annotations:
D:3 Robin


Innate Abilities, Weirdness & Mutations

You are a tree.
Your roots penetrate the ground, keeping you stationary.
You cannot be teleported.
You are immune to unholy pain and torment.
Your maximum health is greatly increased.
Your equipment is partially melded.
((You are partially covered in icy blue scales. (AC +2)))
You may rarely emit foul miasma when damaged in melee.


Message History

Your Shields skill increases to level 1!
You are too injured to fight recklessly!
Unknown command.
You are too injured to fight recklessly!
You are too injured to fight recklessly!
Unknown command.
You are too injured to fight recklessly!
Unknown command.
Unknown command.
You are too injured to fight recklessly!
Unknown command.
You are too injured to fight recklessly!
Unknown command.
You are too injured to fight recklessly!
Unknown command.
You are too injured to fight recklessly!
You hit the goblin.
The goblin is severely wounded.
You block the goblin's attack.
The hobgoblin hits you but does no damage.
The goblin hits you but does no damage. x2; Robin hits you but does no damage.
The goblin is engulfed in dark miasma.
The goblin is poisoned.
The goblin seems to slow down.
You kill the goblin!
The goblin is engulfed in dark miasma.
The goblin is poisoned.
You block the goblin's attack.
You barely miss the goblin.
The goblin is moderately wounded.
The goblin no longer looks unusually strong. x2
The goblin hits you but does no damage. x2; You block the hobgoblin's attack.
The goblin is engulfed in dark miasma.
The goblin looks even sicker.
You block the goblin's attack.
Robin roars a battlecry!
The goblins go into a battle-frenzy!
The goblin hits you but does no damage. The goblin barely misses you.
You barely miss the goblin.
The goblin is moderately wounded.
The goblin no longer looks unusually strong.
The goblin hits you but does no damage. The hobgoblin hits you.
You die...

.$. .## . #.# #..... ...
#. .## #.####.....
..#...
...###$#.gg....##..#.##
#....#...# #...#.....#.
#....?.#####...#.......
##........###.g#.....#.
##..####.....gg☼......
####..####....gg♣g......
.......##......gg....##.
##.....##......)....##
...............##....#
##.......†...### ....#
#...........# ....#
#......####..# ......
#......# ##.......###
#.....<# ##..


You could see Robin, a hobgoblin (strong) and 6 goblins.

Vanquished Creatures
  A dart slug (D:3)
  4 endoplasms
  A giant cockroach (D:1)
  8 goblins
  4 hobgoblins
  5 jackals
  7 ball pythons
  4 bats
  A frilled lizard (D:2)
  A rat (D:1)
36 creatures vanquished.

Notes
Turn   | Place    | Note
-------+----------+-------------------------------------------
     0 | D:1      | Destapler the Demonspawn Gladiator began the quest for the
                  | Orb.
     0 | D:1      | Reached XP level 1. HP: 16/16 MP: 1/1
   228 | D:1      | Gained mutation: You are partially covered in icy blue
                  | scales. (AC +2) [demonic ancestry]
   228 | D:1      | Reached XP level 2. HP: 22/22 MP: 2/2
   388 | D:1      | Reached skill level 1 in Invocations
   869 | D:2      | Reached skill level 3 in Dodging
   972 | D:2      | Gained mutation: You may rarely emit foul miasma when
                  | damaged in melee. [demonic ancestry]
   972 | D:2      | Reached XP level 3. HP: 27/27 MP: 3/3
  1268 | D:2      | Found a faded altar of an unknown god.
  1656 | D:3      | Noticed Robin
  1685 | D:3      | Reached skill level 1 in Stealth
  1685 | D:3      | HP: 2/40 [goblin/+0 club[Robin] (5)]
  1686 | D:3      | Reached skill level 1 in Shields
  1688 | D:3      | Slain by a hobgoblin

Illustrated notes

Levels and vault maps discovered:
D:1:      dpeg_arrival_rhombus, layout_basic, serial_bayou_pond_c
D:2:      layout_basic, ebering_ecumenical_altar_abandoned
D:3:      layout_rooms, amcnicky_altar_gilded, marbit_many_paths,
          kennysheep_cross_bottleneck, uniq_robin, uniq_jessica, uniq_sigmund

Skill      XL: |  1  2  3 |
---------------+----------+-----
Invocations    | 1 |  1.3
Dodging        | 3 |  3.0
Throwing       | 2 |  2.0
Stealth        | 1 |  1.0
Shields        | 1 |  1.0
Fighting       | |  2.2
Staves         | |  2.6
Armour         | |  0.6

Action                     || total
---------------------------++-------
  Melee: Quarterstaff      ||    58
         Spear             ||    62
    Use: Potion            ||     6
   Stab: Sleeping          ||     2
 Armour: Leather armour    ||    54
         Skin              ||    73
  Dodge: Dodged            ||    93
  Block: Kite shield       ||    37
